woodfighter, lawful female giant Samurai ------------ ---------- |...........# ---------- |........| |...----...|# ##....(....|#####|........| |...| |...|# ### |........| #.........| -------- |...| |...|% # |........| |........| |.......#### |...----...|### ## -.-------- |...>....| |......| # |<.........| # # # ----.----- |.......##### ---.-------- # # # # -------- ######### # ### # ## ## ##### ### ## ## ### ############### # # # ## ##### # # ## ##### # ## -.--- ####### #-.-----------# #####....| --.----.- #.............# # |....##%######%#........| |......%....| # |..%| |...tU..| |...........| ##..^.| |.....@.| ------------- ----- --------- woodfighter the Samurai Experience level: 10 Strength: 18/06 Dexterity: 17 Constitution: 18 Intelligence: 10 Wisdom: 7 Charisma: 7 Health: 0(93) Energy: 39(39) Def: 23 Gold: 0 Moves: 10758 Dungeon seed [set]: Game ID: woodfighter_1679941590 Your Inventory: Weapons a - a blessed +2 two-handed sword (weapon in hand) k - 16 blessed +0 shuriken A - 6 blessed +1 shuriken U - 6 blessed +2 shuriken (in quiver) Armor q - an uncursed rusty +2 dented pot (being worn) u - a blessed +0 elven shield (being worn) J - a blessed +1 pair of speed boots (being worn) O - a blessed +1 mummy wrapping (being worn) X - an uncursed +0 pair of gauntlets of power Comestibles M - an uncursed tin of spinach R - 6 uncursed gunyoki V - an uncursed cram ration Z - an uncursed lizard corpse Rings f - an uncursed +1 ring of gain constitution (on left hand) Wands d - an uncursed wand of sleep (0:5) o - an uncursed wand of cold (0:8) Tools b - an uncursed stethoscope s - an uncursed bag of holding t - an uncursed +0 pick-axe (alternate weapon; not wielded) y - an uncursed brass key W - an uncursed blindfold Y - an uncursed bronze key Gems r - an uncursed worthless piece of yellowish brown glass Boulders/Statues e - an uncursed boulder l - an uncursed boulder n - an uncursed boulder v - an uncursed boulder C - an uncursed boulder D - an uncursed boulder F - an uncursed boulder G - an uncursed boulder K - an uncursed boulder L - an uncursed boulder Q - an uncursed boulder Contents of the bag of holding: 2139 gold pieces a [uncursed] [+0] cloak of displacement an uncursed eucalyptus leaf an uncursed sprig of wolfsbane a [uncursed] scroll of enchant weapon a [uncursed] scroll of fire a [uncursed] scroll of identify a [blessed] spellbook of dig a [uncursed] spellbook of light a [blessed] spellbook of remove curse a [uncursed] spellbook of restore ability a [uncursed] spellbook of sleep a [uncursed] spellbook of teleport away a [uncursed] potion of paralysis a [uncursed] potion of sight an uncursed ring of fire resistance an uncursed ring of polymorph control an uncursed magic marker [0:87] a [uncursed] fluorite 2 [uncursed] worthless pieces of blue glass 3 [uncursed] worthless pieces of red glass 2 [uncursed] worthless pieces of yellowish brown glass Spells and supernatural/magical abilities: Name Level Category Fail Memory W - pray for help -- divine ? -- Your skills at the end: Miscellaneous Skills martial arts [Basic] shield [Skilled] wands [Basic] Weapon Skills short sword [Basic] two-handed sword [Expert] katana [Basic] bow [Basic] sling [Basic] shuriken [Basic] Spellcasting Skills Final Attributes: You were fervently aligned. You were fire resistant. You were cold resistant. You were sleep resistant. You were poison resistant. Your writing hand was ok. You had infravision. You were somewhat stealthy. You were protected. You were very fast. You are dead. Vanquished creatures: 2 giant mimics a large mimic 2 stalkers a giant zombie 4 small mimics an ettin mummy a wood golem a large dog 2 flaming spheres a shocking sphere a large cat a gargoyle a tengu 2 crocodiles a chameleon 2 leocrottas an elf mummy a red naga an ettin zombie 2 leather golems a soldier an incubus a giant beetle a winter wolf cub 16 leprechauns a lizard 4 giant spiders a scorpion 2 gnome kings 2 orc mummies a brown pudding 3 Green-elves an owlbear 2 yetis a werewolf a chickatrice a dog a jaguar 2 water nymphs a raven a plains centaur a Woodland-elf an ape 2 human zombies a soldier ant 9 fire ants 6 bugbears 3 wood nymphs 5 Uruk-hai an orc shaman 3 rock piercers 4 ponies 4 fog clouds 5 shriekers 14 gnome lords 2 gnomish wizards a gray ooze 2 elf zombies a paper golem 13 giant ants 5 puppies 2 floating eyes a kitten 8 dwarves 3 homunculi a quasit 2 iguanas 7 rothes a centipede 4 jitterbugs a giant bat 5 orc zombies 4 dwarf zombies a werejackal 9 killer bees 5 gas spores 4 hobbits 4 acid blobs 3 large kobolds 7 geckos 11 hobgoblins 8 giant rats 7 cave spiders a brown mold a yellow mold 3 green molds 3 red molds 53 gnomes 10 garter snakes 5 manes 2 gnome zombies 11 jackals 3 foxes 4 kobolds 8 newts 7 goblins a sewer rat 5 grid bugs a bat 7 lichens a kobold zombie 381 creatures vanquished. Voluntary challenges: You did not cause conflict. You were not invisible. You did not have reflection. You were not displaced. You donated to temples 2 times (receiving 5 points of protection), starting on turn 7778. You received temple protection 2 times, starting on turn 7778. You used a wielded weapon 575 times, starting on turn 19. You did not apply a unicorn horn. You did not use plumbed fixtures. You did not drink any magical draughts. You read items or engraved 1 time, starting on turn 4098. You never genocided any monsters. You never polymorphed an object. You never changed form. You completed Sokoban on turn 6119, according to the rules. You used no wishes. You did not use any artifacts. You never split a pudding. You never wrote Elbereth's name. You never violated bushido. You enabled loading special bones files. Dungeon overview: The Dungeons of Doom: levels 1 to 13 Level 1 a vault, a fountain, a bench a long staircase Level 2 a vault Level 3 a potion shop Level 4 (water) stairs to The Gnomish Mines Level 5 a vault, an altar to Susanowo, a sink Level 6 a vault, an altar to Susanowo, a sink Level 7 Level 8 many fountains Level 9 (box) a scroll shop, a fountain, a sink stairs to Sokoban Level 10 (water) a fountain, a bench Level 11 a vault, a sink, a throne Level 12 (invisible leprechaun) <- You were here Level 13 The Gnomish Mines: levels 5 to 11 Level 5 stairs to The Dungeons of Doom Level 6 Level 7 many shops, a temple to Raijin, a magic chest, some fountains Level 8 Level 9 Level 10 (dire bear) Level 11 (dire bear) Sokoban: levels 5 to 8 Level 5 a magic chest Level 6 Level 7 Level 8 an altar to Raijin, a magic chest stairs to The Dungeons of Doom History has recorded: On T:1 you entered the Dungeons of Doom to retrieve the Amulet of Yendor! On T:249 you reached level 2 of The Dungeons of Doom. On T:421 you advanced to experience level 2. On T:453 you advanced to experience level 3. On T:461 you reached level 3 of The Dungeons of Doom. On T:772 you advanced to experience level 4. On T:1029 you reached level 4 of The Dungeons of Doom. On T:1225 you advanced to experience level 5. On T:1310 you reached level 5 of The Dungeons of Doom. On T:1445 you reached level 1 of The Gnomish Mines. On T:1776 you reached level 6 of The Dungeons of Doom. On T:2192 you reached level 7 of The Dungeons of Doom. On T:2358 you advanced to experience level 6. On T:2727 you advanced to experience level 7. On T:2993 you reached level 8 of The Dungeons of Doom. On T:3154 you reached level 9 of The Dungeons of Doom. On T:3683 you advanced to experience level 8. On T:3755 you reached level 4 of Sokoban. On T:3870 you reached level 10 of The Dungeons of Doom. On T:4096 you opened a magic chest. On T:4375 you reached level 3 of Sokoban. On T:4910 you reached level 2 of Sokoban. On T:5288 you reached level 1 of Sokoban. On T:6119 you advanced to experience level 9. On T:6119 you entered the Sokoban zoo. On T:6625 you reached level 2 of The Gnomish Mines. On T:7205 you reached level 3 of The Gnomish Mines. On T:7466 you entered the Minetown temple On T:7828 you reached level 4 of The Gnomish Mines. On T:8140 you reached level 5 of The Gnomish Mines. On T:8645 you reached level 6 of The Gnomish Mines. On T:9293 you reached level 7 of The Gnomish Mines. On T:9844 you reached level 11 of The Dungeons of Doom. On T:10100 you advanced to experience level 10. On T:10511 you reached level 12 of The Dungeons of Doom. On T:10698 you reached level 13 of The Dungeons of Doom. Score breakdown: Gold: 2139 ( 213 points) Experience: 10 levels ( 900 points) Exploration: 13 levels ( 360 points) Discoveries: 39 items ( 1950 points) Variety of kills: 101 monsters ( 2000 points) Major goal: finished Sokoban ( 1000 points) Survival: died (score multiplied by 3) Total score: 19269 Latest messages: You stop exploring. Please move the cursor to an unknown object. Never mind. The shuriken hits the dire bear! The dire bear misses. The dire bear mauls you! The dire bear bites! You see here a gargoyle corpse. There are a few objects here. An iron piercer suddenly drops from the ceiling! Its blow glances off your helmet. You hack the dire bear! The dire bear just misses! The dire bear mauls you! The dire bear bites! You hack the dire bear! Status of the dire bear (neutral): Level 12 HP 33(67) Def 10. You hack the dire bear! The dire bear mauls you! (2x) The dire bear bites! The dire bear mauls you! You die... Final status: Sayonara woodfighter the Samurai, killed by a dire bear... You died in The Dungeons of Doom on dungeon level 12 with 19269 points, and 2139 pieces of gold, after 10758 moves. You were level 10 with a maximum of 93 hit points when you died.